 Dungeon Crawl Stone Soup version 0.29.1-13-g9f3cf754e1 (webtiles) character file.

Game seed: 1185254350191704458

7814 OTABOTABOTAB the Summoner (level 11, -2/75 HPs)
             Began as an Octopode Summoner on Jan 29, 2023.
             Was an Initiate of Gozag.
             Shot with an arrow by a centaur warrior (27 damage)
             ... on level 10 of the Dungeon.
             The game lasted 00:23:57 (10690 turns).

OTABOTABOTAB the Summoner (Octopode Summoner)      Turns: 10690, Time: 00:23:57

Health: -2/75      AC:  5    Str: 10    XL:     11   Next: 21%
Magic:  28/31      EV: 15    Int: 20    God:    Gozag
Gold:   2208       SH:  0    Dex: 12    Spells: 11/24 levels left

rFire   . . .      SeeInvis .   r - +2 whip (elec)
rCold   . . .      Faith    .   (no shield)
rNeg    . . .      Spirit   .   (helmet restricted)
rPois   .          Reflect  .   u - amulet of magic regeneration
rElec   .          Harm     .   A - +4 ring of protection
rCorr   .          Rampage  .   W - ring of willpower
Will    +....                   m - ring of magical power {MP+9}
Stlth   +++.......              (no ring)
HPRegen 0.22/turn               (no ring)
MPRegen 0.62/turn               (no ring)
                                (no ring)
                                (no ring)

@: no status effects
A: almost no armour, amphibious, 8 rings, camouflage 1, gelatinous body 1,
(nimble swimmer 1), tentacles
a: Renounce Religion, Potion Petition, Call Merchant, Bribe Branch


You were on level 10 of the Dungeon.
You worshipped Gozag.
Gozag was most pleased with you.
You visited 2 branches of the dungeon, and saw 11 of its levels.
You also visited: Sewer.

You collected 2316 gold pieces.
You paid 108 gold pieces to Gozag.

Inventory:

Hand Weapons
 r - a +2 whip of electrocution (weapon)
   (You took it off Pikel on level 7 of the Dungeon)
Missiles
 g - 34 poisoned darts
 i - a silver boomerang
 j - 5 boomerangs
 k - 3 datura-tipped darts
 s - 64 stones (quivered)
Jewellery
 c - a ring of ice {rC+, rF-}
   (You found it on level 6 of the Dungeon)
 e - an amulet of the acrobat
   (You found it on level 3 of the Dungeon)
 f - a ring of fire {rF+, rC-}
   (You found it on level 1 of the Dungeon)
 m - a ring of magical power (on tentacle) {MP+9}
   (You found it on level 3 of the Dungeon)
 u - an amulet of magic regeneration (around mantle)
   (You found it on level 8 of the Dungeon)
 A - a +4 ring of protection (left tentacle)
   (You found it on level 1 of the Dungeon)
 W - a ring of willpower (right tentacle)
   (You found it on level 3 of the Dungeon)
Wands
 h - a wand of acid (11)
   (You found it on level 2 of the Dungeon)
 p - a wand of paralysis (8)
   (You took it off Psyche on level 9 of the Dungeon)
Scrolls
 a - a scroll of fog
 d - 4 scrolls of noise {!r}
 w - a scroll of identify {@r1}
 D - 2 scrolls of blinking {!r}
 E - 3 scrolls of fear
 X - 2 scrolls of magic mapping {@r4!r}
 Y - 2 scrolls of teleportation {@r3}
Potions
 b - 2 potions of resistance {unknown}
 l - 2 potions of attraction {!q}
 n - 2 potions of lignification {unknown}
 o - 3 potions of flight {unknown}
 q - 3 potions of haste {unknown}
 t - a potion of ambrosia {unknown}
 v - a potion of cancellation {unknown}
 J - 8 potions of curing {@q1}
 M - 3 potions of magic
 N - a potion of heal wounds {@q2}
 T - a potion of berserk rage {!q}
 U - 3 potions of mutation {!q}


   Skills:
 + Level 7.1 Fighting
 + Level 7.4 Dodging
 - Level 2.6 Stealth
 + Level 7.3 Spellcasting
 - Level 5.0 Hexes
 + Level 8.8 Summonings
 + Level 6.3 Air Magic


You had 11 spell levels left.
You knew the following spells:

 Your Spells              Type           Power      Damage    Failure   Level
a - Summon Small Mammal   Summ           100%       N/A       1%          1
b - Call Canine Familiar  Summ           42%        N/A       1%          3
c - Call Imp              Summ           42%        N/A       1%          2
d - Summon Guardian Gole  Hex/Summ       35%        N/A       1%          3
e - Summon Lightning Spi  Summ/Air       37%        N/A       4%          4

Your spell library contained the following spells:

 Spells                   Type           Power      Damage    Failure   Level
 Swiftness                Air            32%        N/A       1%          3
 Ensorcelled Hibernation  Hex/Ice        34%        N/A       4%          2
 Magic Dart               Conj           28%        1d4       9%          1
 Mephitic Cloud           Conj/Pois/Air  15%        N/A       12%         3
 Blink                    Tloc           14%        N/A       14%         2
 Passwall                 Tmut/Erth      5%         N/A       14%         2
 Lesser Beckoning         Tloc           7%         N/A       26%         3
 Manifold Assault         Tloc           7%         N/A       94%         5


Dungeon Overview and Level Annotations

Branches:
Dungeon (10/15)            Temple (1/1) D:7            Lair (0/5) D:10
  Sewer (visited)
    Orc: D:9-12

Altars:
Ashenzari
Cheibriados
Dithmenos
Elyvilon
Fedhas
Gozag
Hepliaklqana
Kikubaaqudgha
Makhleb
Nemelex Xobeh
Okawaru
Qazlal
Ru
Trog
Vehumet
Wu Jian
Xom
Yredelemnul
Zin
The Shining One

Shops:
D:5 [   D:10 (


Innate Abilities, Weirdness & Mutations

You cannot wear most types of armour.
You are amphibious.
You can wear up to eight rings at the same time.
Your skin changes colour to match your surroundings (Stealth+).
Your rubbery body absorbs attacks. (AC +1, EV +1)
((You are camouflaged when in or above water. (Stealth+)))
You have tentacles for arms and can constrict up to eight enemies at once.


Message History

Your wolf bites the orc.
The orc hits your guardian golem but does no damage.
Your wolf bites the orc.
Your crimson imp hits the orc.
Your wolf barely misses the orc.
The orc hits your guardian golem but does no damage.
Your wolf barely misses the orc.
Your crimson imp closely misses the orc.
Your wolf closely misses the orc.
The orc hits your guardian golem with a +0 club.
Your crimson imp blinks!
Your wolf barely misses the orc.
Your wolf closely misses the orc.
The orc hits your guardian golem but does no damage.
Your quokka bites the orc.
The orc dies!
Your quokka disappears in a puff of smoke!
You swap places.
You swap places.
You now have 2162 gold pieces (gained 5).
You see here a +0 dagger.
You now have 2169 gold pieces (gained 7).
You see here a +0 club.
You swap places.
You now have 2185 gold pieces (gained 16).
You now have 2202 gold pieces (gained 17).
Your guardian golem disappears in a puff of smoke!
You now have 2208 gold pieces (gained 6).
Things that are here:
a +0 mace; a +0 plate armour A centaur warrior comes into view.
It is quivering poisoned darts.
The centaur warrior wields a +0 shortbow.
The centaur warrior shoots an arrow.
The arrow hits you!
You take 17 damage, and have 58/75 hp.
MASSIVE DAMAGE!!
Your bat hits the centaur warrior.
Your wolf closely misses the centaur warrior.
The centaur warrior shoots an arrow.
The arrow barely misses your wolf. The arrow misses you.
Your bat hits the centaur warrior but does no damage.
Your crimson imp hits the centaur warrior.
An electric hum fills the air.
Your bat closely misses the centaur warrior.
Your wolf bites the centaur warrior!
The centaur warrior shoots an arrow.
The arrow hits your wolf!
Your wolf barely misses the centaur warrior.
The centaur warrior shoots an arrow.
The arrow completely misses your wolf. The arrow hits you!
Your crimson imp closely misses the centaur warrior.
You take 14 damage, and have 44/75 hp.
You now have 27/31 mp.
Unknown command.
What are your orders? t - Shout!
Orders for allies: a - Attack new target. r - Retreat! s - Stop attacking. g - Guard the area. f - Follow me.
Anything else - Cancel.
Gang up on whom?
Aim: a centaur warrior, wielding a +0 shortbow and quivering poisoned darts (lightly wounded, ally target) Attack!
Your wolf completely misses the centaur warrior.
The centaur warrior shoots an arrow.
The arrow hits your wolf!!
Your wolf dies!
Your wolf's corpse disappears in a puff of smoke!
Your crimson imp barely misses the centaur warrior.
Your bat closely misses the centaur warrior.
Your bat disappears in a puff of smoke!
The centaur warrior shoots an arrow.
The arrow closely misses you.
The centaur warrior shoots an arrow.
The arrow hits you!
Your crimson imp blinks!
You take 9 damage, and have 35/75 hp.
You now have 25/31 mp.
Your crimson imp blinks!
You see here 16 gold pieces.
The centaur warrior shoots an arrow.
The arrow hits your hound!
Your hound bites the centaur warrior.
Things that are here:
6 gold pieces; a +0 short sword; a +0 leather armour What are your orders? t - Shout!
Orders for allies: a - Attack new target. p - Attack previous target. r - Retreat! s - Stop attacking. g - Guard the area. f - Follow me.
Anything else - Cancel.
Gang up on whom?
Aim: a centaur warrior, wielding a +0 shortbow and quivering poisoned darts (lightly wounded, ally target) Attack!
The centaur warrior shoots an arrow.
The arrow hits your hound!!
Your hound dies!
Your hound's corpse disappears in a puff of smoke!
Your lightning spire shoots out a bolt of lightning at the centaur warrior!
The bolt of electricity hits the centaur warrior!
What are your orders? t - Shout!
Orders for allies: a - Attack new target. p - Attack previous target. r - Retreat! s - Stop attacking. g - Guard the area. f - Follow me.
Anything else - Cancel.
Gang up on whom?
Aim: a centaur warrior, wielding a +0 shortbow and quivering poisoned darts (heavily wounded, not watching you, ally target) Attack!
The centaur warrior shoots an arrow.
The arrow hits you!
The centaur warrior shoots an arrow.
The arrow hits you!!
You die...
Your body crumbles into a pile of gold.

############################
..........8@.)).............
.........#.§.............#..
.........#§....#..###.......
.........#c)5..#............
#...)..$$................
.....#####'#####.....#######
.## #$...######....##..
###.#.# ###..##.. .#..#
#..#..


You could see a centaur warrior (ally target), a friendly lightning spire
(summoned) and a friendly crimson imp (summoned).

Vanquished Creatures
  Pikel (D:7)
  Psyche (D:9)
  A yak (D:10)
  2 wargs (D:10)
  A sky beast (D:7)
  An orc priest (D:10)
  2 orc wizards
  A white imp (D:7)
  A worm (D:2)
  4 orcs
  A goblin (D:1)
  A quokka (D:1)
  2 kobolds
  2 rats
21 creatures vanquished.

Vanquished Creatures (collateral kills)
  Lodul (D:10)
  A troll (D:9)
  A shadow (D:10)
  2 wyverns
  A wraith (D:9)
  7 yaks
  A water moccasin (D:6)
  2 orc warriors
  5 ogres (D:10)
  3 black bears
  4 centaurs
  A lemure (D:7)
  2 phantoms (D:5)
  2 kobold brigands
  A bullfrog (D:7)
  A necrophage (D:4)
  2 scorpions
  2 howler monkeys
  4 hounds
  3 jellies
  6 orc priests
  An iguana (D:5)
  Jessica (D:3)
  9 orc wizards
  A hell rat (Sewer)
  9 adders
  5 gnolls
  A river rat (Sewer)
  A shadow imp (D:5)
  A white imp (D:5)
  2 ufetubi
  3 worms
  2 dart slugs
  34 orcs
  2 ball pythons (D:3)
  2 bats
  6 endoplasms
  2 giant cockroaches
  2 goblins (D:1)
  7 hobgoblins
  3 jackals (D:2)
  A quokka (D:1)
  3 frilled lizards
  9 kobolds
  13 rats
172 creatures vanquished.

Vanquished Creatures (others)
  Joseph (D:7)
  A hornet (D:7)
  2 yaks
  2 orc warriors (D:10)
  2 ogres (D:10)
  2 lemures (D:7)
  3 orc priests
  2 gnolls (D:4)
  An orc (D:7)
  A ball python (D:4)
17 creatures vanquished.

Grand Total: 210 creatures vanquished

Notes
Turn   | Place    | Note
-------+----------+-------------------------------------------
     0 | D:1      | OTABOTABOTAB the Octopode Summoner began the quest for the
                  | Orb.
     0 | D:1      | Reached XP level 1. HP: 11/11 MP: 3/3
   306 | D:1      | Reached XP level 2. HP: 17/17 MP: 1/5
   309 | D:1      | Learned a level 2 spell: Call Imp
   406 | D:1      | Found a faded altar of an unknown god.
  1393 | D:2      | Reached XP level 3. HP: 21/21 MP: 1/6
  1397 | D:2      | Learned a level 3 spell: Call Canine Familiar
  2264 | D:3      | Noticed Jessica
  2269 | D:3      | Killed Jessica
  2270 | D:3      | Reached skill level 3 in Spellcasting
  2270 | D:3      | Reached XP level 4. HP: 27/27 MP: 0/8
  2274 | D:3      | Learned a level 3 spell: Summon Guardian Golem
  3399 | D:3      | Reached skill level 5 in Summonings
  3399 | D:3      | Reached XP level 5. HP: 32/32 MP: 9/9
  3781 | D:4      | Reached skill level 1 in Fighting
  3781 | D:4      | Reached skill level 1 in Hexes
  4353 | D:4      | Reached XP level 6. HP: 39/39 MP: 11/11
  4408 | D:4      | Found a hazy altar of Hepliaklqana.
  4605 | D:5      | Entered Level 5 of the Dungeon
  4615 | D:5      | Found a glowing drain.
  4751 | D:5      | Reached skill level 2 in Fighting
  4751 | D:5      | Reached skill level 3 in Dodging
  4751 | D:5      | Reached skill level 2 in Hexes
  4811 | Sewer    | Entered a sewer
  5029 | Sewer    | HP: 7/35 [hell rat (5)]
  5137 | D:5      | Noticed a black bear
  5149 | D:5      | Killed a black bear
  5150 | D:5      | Reached skill level 4 in Spellcasting
  5150 | D:5      | Reached XP level 7. HP: 41/45 MP: 11/13
  5690 | D:5      | Found a glowing golden altar of the Shining One.
  5693 | D:5      | Found a bloodstained altar of Trog.
  5721 | D:5      | Found a shimmering altar of Xom.
  5724 | D:5      | Found a stormy altar of Qazlal.
  5885 | D:5      | Reached skill level 3 in Fighting
  5885 | D:5      | Reached skill level 3 in Hexes
  5958 | D:5      | Reached skill level 6 in Summonings
  5958 | D:5      | Reached XP level 8. HP: 31/52 MP: 5/14
  5963 | D:5      | Learned a level 4 spell: Summon Lightning Spire
  6148 | D:5      | Found Ronoich's Antique Armour Shop.
  6295 | D:6      | Reached skill level 4 in Dodging
  6488 | D:6      | Reached skill level 1 in Air Magic
  6584 | D:6      | Found a sparkling altar of Nemelex Xobeh.
  7166 | D:7      | Noticed a hornet
  7178 | D:7      | Reached skill level 2 in Air Magic
  7181 | D:7      | Killed a hornet
  7182 | D:7      | Reached skill level 4 in Fighting
  7182 | D:7      | Reached skill level 5 in Spellcasting
  7182 | D:7      | Reached skill level 4 in Hexes
  7226 | D:7      | Reached XP level 9. HP: 58/58 MP: 12/16
  7439 | D:7      | Found a staircase to the Ecumenical Temple.
  7447 | Temple   | Entered the Ecumenical Temple
  7479 | Temple   | Became a worshipper of Gozag Ym Sagoz the Greedy
  7612 | D:7      | Noticed Pikel
  7644 | D:7      | Killed Pikel
  7645 | D:7      | Reached skill level 5 in Dodging
  7645 | D:7      | Reached skill level 7 in Summonings
  7645 | D:7      | Reached skill level 3 in Air Magic
  7871 | D:7      | Noticed Joseph
  7890 | D:7      | Killed Joseph
  7891 | D:7      | Reached skill level 5 in Hexes
  8167 | D:7      | Reached skill level 5 in Fighting
  8679 | D:8      | Reached skill level 4 in Air Magic
  8991 | D:9      | Noticed a troll
  9001 | D:9      | Reached XP level 10. HP: 66/66 MP: 18/18
  9005 | D:9      | Reached skill level 6 in Dodging
  9005 | D:9      | Reached skill level 6 in Spellcasting
  9245 | D:9      | Noticed Psyche
  9248 | D:9      | Killed Psyche
  9481 | D:9      | Reached skill level 5 in Air Magic
  9482 | D:9      | Reached skill level 6 in Fighting
  9482 | D:9      | Reached skill level 8 in Summonings
  9865 | D:9      | Identified a scroll of acquirement
  9865 | D:9      | Acquired 823 gold pieces
  9907 | D:10     | Entered Level 10 of the Dungeon
  9909 | D:10     | Found Hovuoq's Weapon Emporium.
 10099 | D:10     | Found a staircase to the Lair.
 10280 | D:10     | Noticed Lodul
 10293 | D:10     | Reached skill level 7 in Dodging
 10299 | D:10     | HP: 4/69 [Lodul/bolt of lightning (32)]
 10307 | D:10     | Killed Lodul
 10308 | D:10     | Reached skill level 7 in Spellcasting
 10308 | D:10     | Reached skill level 6 in Air Magic
 10308 | D:10     | Reached XP level 11. HP: 21/74 MP: 14/21
 10616 | D:10     | Reached skill level 7 in Fighting
 10682 | D:10     | Noticed a centaur warrior
 10690 | D:10     | Shot with an arrow by a centaur warrior

Illustrated notes

Levels and vault maps discovered:
D:1:      evilmike_arrival_crescent, layout_loops_ring,
          dreamdust_ecumenical_altar_angels_and_demons, minmay_strange_pillars
D:2:      layout_basic
D:3:      layout_basic, minmay_pentomino_pile, uniq_jessica
D:4:      layout_rooms, kennysheep_mini
D:5:      layout_loops_ring, nicolae_overflow_hidden_temple, serial_shops,
          nicolae_shop_trees, portal_sewer_entry_b, small_statue_intersection,
          st_stairs_11
D:6:      layout_cave_pools, mainiacjoe_overflow_brackets
D:7:      layout_basic, minmay_temple_entry_butterflies,
          amcnicky_mini_pool_small, chequers_serial_rivers_large_b,
          nicolae_titane, uniq_pikel, uniq_joseph
D:8:      layout_rooms
D:9:      layout_basic, uniq_psyche
D:10:     minmay_the_grid_plus_closed [minmay_the_grid_spin_star,
          minmay_the_grid_plusring, minmay_the_grid_dragon_a,
          minmay_the_grid_dragon_b, minmay_the_grid_prize_big_room],
          layout_stronghold, jmf_multi_god_temple, erik_lair_orcish_takeover,
          hiddenorc2_lemuel, roderic_filled_cross, nicolae_stop_n_shop_1,
          uniq_lodul
Temple:   nicolae_temple_ecumenical_triangle

Skill      XL: |  1  2  3  4  5  6  7  8  9 10 11 |
---------------+----------------------------------+-----
Spellcasting   | 3 4 5 7 |  7.3
Summonings     | 5 6 7 8 |  8.8
Fighting       | 1 2 3 4 5 6 7 |  7.1
Hexes          | 1 2 3 4 5 |  5.0
Dodging        | 3 4 5 7 |  7.4
Air Magic      | 2 4 6 |  6.3
Stealth        | |  2.6

Action                   |  1- 3 |  4- 6 |  7- 9 | 10-12 || total
-------------------------+-------+-------+-------+-------++-------
Melee: Club              |    14 |     6 |    23 |       ||    43
       Constrict         |     5 |     3 |     6 |     2 ||    16
       Tentacles         |     4 |     1 |    10 |     6 ||    21
       Whip              |       |       |     7 |    25 ||    32
Throw: Stone             |     1 |     3 |       |       ||     4
 Cast: Summon Small Mamm |    30 |    23 |    27 |    22 ||   102
       Call Imp          |     9 |    20 |    33 |    10 ||    72
       Call Canine Famil |     5 |    30 |    44 |    17 ||    96
       Summon Guardian G |       |     6 |    11 |    15 ||    32
       Summon Lightning  |       |       |     5 |    24 ||    29
Evoke: Wand              |       |       |     4 |       ||     4
  Use: Scroll            |     6 |    11 |     2 |     1 ||    20
       Potion            |       |     1 |       |     1 ||     2
 Stab: Sleeping          |     1 |       |       |       ||     1
       Distracted        |       |       |       |     1 ||     1
Armor: Skin              |     4 |     6 |    15 |     5 ||    30
Dodge: Dodged            |    12 |    22 |    81 |    33 ||   148

Table legend: (Time is in decaauts)
 A = Elapsed time spent in this place.
 B = Non-inter-level travel time spent in this place.
 C = Inter-level travel time spent in this place.
 D = Time resting spent in this place.
 E = Time spent auto-exploring this place.
 F = Levels seen in this place.
 G = Mean time per level.
                   A        B        C        D        E       F      G
               +--------+--------+--------+--------+--------+-----+--------+
         Total |  10706 |  10378 |    328 |    455 |   7825 |  12 |  892.2 |
       Dungeon |  10350 |  10034 |    316 |    455 |   7598 |  10 | 1035.0 |
        Temple |     45 |     33 |     12 |      0 |     22 |   1 |   45.0 |
         Sewer |    310 |    310 |      0 |      0 |    205 |   1 |  310.0 |
               +--------+--------+--------+--------+--------+-----+--------+

Top non-repeatable levels by time:
     D:3: 1512 daAuts
     D:5: 1372 daAuts
     D:7: 1288 daAuts
     D:2: 1233 daAuts
     D:1: 1024 daAuts
     D:9: 942 daAuts
     D:6: 870 daAuts
     D:4: 839 daAuts
    D:10: 784 daAuts
     D:8: 481 daAuts
   Sewer: 310 daAuts
  Temple: 45 daAuts

Table legend:
 A = Kills in this place as a percentage of kills in entire the game.
 B = Kills by you in this place as a percentage of kills by you in the entire game.
 C = Kills by friends in this place as a percentage of kills by friends in the entire game.
 D = Other kills in this place as a percentage of other kills in the entire game.
 E = Experience gained in this place as a percentage of experience gained in the entire game.
 F = Experience gained in this place divided by the number of levels of this place that you have seen.
                   A       B       C       D       E      F
               +-------+-------+-------+-------+-------+----------------------
         Total | 100.0 | 100.0 | 100.0 | 100.0 | 100.0 | 930.2
       Dungeon |  97.6 | 100.0 |  97.1 | 100.0 |  99.6 | 1111.3
         Sewer |   2.4 |   0.0 |   2.9 |   0.0 |   0.4 |  50.0
               +-------+-------+-------+-------+-------+----------------------
